 Dungeon Crawl Stone Soup version 0.17-a0-1701-gf693a3f (webtiles) character file.

357 PooFace the Ruffian (level 6, 61/61 HPs)
             Began as a Troll Berserker on Aug 12, 2015.
             Was a Priest of Trog.
             Starved to death
             ... on level 4 of the Dungeon on Aug 21, 2015.
             The game lasted 00:19:27 (3079 turns).

PooFace the Ruffian (Troll Berserker)               Turns: 3079, Time: 00:19:27

Health: 61/61      AC:  5    Str: 28      XL:     6   Next: 37%
Magic:  5/5        EV: 10    Int:  3      God:    Trog [***...]
Gold:   221        SH:  0    Dex:  8 (9)  Spells: 0 memorised, 5 levels left

rFire  . . .     SeeInvis .       - Unarmed
rCold  . . .     Clarity  .     a - +0 animal skin
rNeg   . . .     SustAt   .     (no shield)
rPois  .         Gourm    +     (helmet restricted)
rElec  .         Spirit   .     (no cloak)
rCorr  .         Warding  .     (gloves unavailable)
rMut   .         Stasis   .     (boots unavailable)
MR     .....                    (no amulet)
Stlth  +.........               (no ring)
                                (no ring)

@: starving, not resistant to hostile enchantments, very unstealthy
A: unfitting armour, claws 3, fast metabolism 3, gourmand, regeneration 2,
shaggy fur 1, tough skin 2
a: Burn Spellbooks, Berserk, Trog's Hand, Renounce Religion


You were on level 4 of the Dungeon.
You worshipped Trog.
Trog was most pleased with you.
You were starving.

You visited 1 branch of the dungeon, and saw 4 of its levels.

You collected 221 gold pieces.

Inventory:

Armour
 a - a +0 animal skin (worn)
Jewellery
 r - a cursed -6 ring of strength {unknown}
Scrolls
 c - a scroll of recharging
 i - 3 scrolls of random uselessness
 n - a scroll of enchant armour {unknown}
 o - a scroll of amnesia
 s - 3 scrolls of immolation {unknown}
Potions
 d - 3 potions of cancellation
 e - 2 potions of flight
Books
 m - a book of Frost

   Spells                             Type                      Level
   a - Freeze                         Ice                          1
   b - Throw Frost                    Conjuration/Ice              2
   c - Ozocubu's Armour               Charms/Ice                   3
   d - Throw Icicle                   Conjuration/Ice              4
   e - Summon Ice Beast               Ice/Summoning                4
   f - Condensation Shield            Ice                          4
   Trog disapproves of the use of such an item.
Comestibles
 b - 4 bread rations
 p - a royal jelly


   Skills:
 + Level 3.3 Fighting
 + Level 4.2 Dodging
 + Level 1.2 Stealth
 + Level 4.5 Unarmed Combat


You had 5 spell levels left.
You didn't know any spells.

Dungeon Overview and Level Annotations

Branches:
Dungeon (4/15)             Temple (0/1) D:4

Altars:
Dithmenos
Gozag
Kikubaaqudgha
Nemelex Xobeh
Ru
Vehumet
Yredelemnul
Zin


Innate Abilities, Weirdness & Mutations

You are too large for most types of armour.
You have claws for hands.
Your metabolism is lightning-fast.
You like to eat raw meat.
You heal very quickly.
You are covered in fur (AC +1).
You have very tough skin (AC +2).


Message History

r - Retreat! s - Stop attacking. w - Wait here. f - Follow me.
Anything else - Stay silent.
Okay, then.
What do you say? t - Shout!
Orders for allies: a - Attack new target. r - Retreat! s - Stop attacking. w - Wait here. f - Follow me.
Anything else - Stay silent.
Okay, then.
What do you say? t - Shout!
Orders for allies: a - Attack new target. r - Retreat! s - Stop attacking. w - Wait here. f - Follow me.
Anything else - Stay silent.
Okay, then.
You have starved to death.
You die...

#...## #.# #.# ##.###.## #.#
#.# ##.# #.# ##. #.#
##.#######.# #.#####..##
##.###..........#
#.......#.###.###...#########
#.# ##......###.....## #.#
##.#..###.......#
##.######.#.>...@......#
..........#.####.......#
...#.#.####.#####......#
..(..#..........##...#.# ###
............###.######.#
##.## .############ #.#
####.###...## .####### #.#
#...........# .......# #.#
#.##.###...## .#####)# #.#
#.##.# ##.##


There were no monsters in sight!

Vanquished Creatures
  A crocodile (D:4)
  2 hounds (D:4)
  An iguana (D:4)
  2 worker ants (D:4)
  A river rat (D:3)
  6 adders
  2 oozes (D:2)
  3 worms
  2 orcs (D:3)
  6 giant cockroaches
  12 goblins
  8 hobgoblins
  8 bats
  7 giant geckos
  A giant newt (D:1)
  5 kobolds
  A quokka (D:2)
  A quokka skeleton (D:4)
  7 rats
76 creatures vanquished.

Notes
Turn   | Place    | Note
--------------------------------------------------------------
     0 | D:1      | PooFace the Troll Berserker began the quest for the Orb.
     0 | D:1      | Reached XP level 1. HP: 22/22 MP: 0/0
    93 | D:1      | Upgraded the game from 0.17-a0-1648-g0a089d4 to 0.17-a0-1701-gf693a3f
   186 | D:1      | Reached XP level 2. HP: 29/29 MP: 1/1
   668 | D:1      | Acquired Trog's second power
   795 | D:2      | Reached XP level 3. HP: 36/36 MP: 2/2
   812 | D:2      | Found a shadowy altar of Dithmenos.
   812 | D:2      | Found a faded altar to an unknown god.
   989 | D:2      | Found a radiant altar of Vehumet.
  1099 | D:2      | Found an ancient bone altar of Kikubaaqudgha.
  1187 | D:2      | Reached XP level 4. HP: 44/44 MP: 3/3
  1228 | D:2      | Found an opulent altar of Gozag.
  1491 | D:3      | Found a basalt altar of Yredelemnul.
  1494 | D:3      | Found a glowing silver altar of Zin.
  1497 | D:3      | Found a sparkling altar of Nemelex Xobeh.
  1500 | D:3      | Found a sacrificial altar of Ru.
  1792 | D:3      | Reached skill level 4 in Unarmed Combat
  2174 | D:3      | Reached XP level 5. HP: 53/53 MP: 4/4
  2503 | D:4      | Reached skill level 1 in Stealth
  2503 | D:4      | Reached XP level 6. HP: 42/61 MP: 5/5
  2633 | D:4      | Found a staircase to the Ecumenical Temple.
  3079 | D:4      | Starved to death

Vault maps used:
D:1:      lightli_arrival_windingriver, minmay_ruptured
D:2:      old_standard_altar, overflow_temple_1_default,
          nicolae_gozag_cash_rules_everything_around_me, ecumenical_altar_1,
          first_bread, grunt_dithmenos_smoke
D:3:      grunt_temple_overflow_cloverleaf, gup_sewer_entry_spiral,
          kennysheep_generic_room_4
D:4:      minmay_temple_entry_large_hall

Action                   |  1- 3 |  4- 6 || total
-------------------------+-------+-------++-------
Melee: Unarmed           |    92 |   131 ||   223
Invok: Berserk           |     1 |       ||     1
  Use: Scroll            |       |     7 ||     7
       Potion            |       |     5 ||     5
 Stab: Sleeping          |     1 |     2 ||     3
       Invisible         |       |     1 ||     1
  Eat: Chunk             |    15 |     9 ||    24
